 Dungeon Crawl Stone Soup version 0.25.0-9-g26727b657a (webtiles) character file.

Game seed: 17177933256523067311

711 vurker the Ruffian (level 7, 0/60 HPs)
             Began as a Ghoul Monk on June 20, 2020.
             Slain by a gnoll
             ... wielding a +0 whip
              (1 damage)
             ... on level 4 of the Dungeon.
             The game lasted 00:05:53 (4390 turns).

vurker the Ruffian (Ghoul Monk)                     Turns: 4390, Time: 00:05:53

Health: 0/60       AC:  7    Str: 17    XL:     7   Next: 68%
Magic:  6/6        EV: 11    Int:  5    God:
Gold:   120        SH:  4    Dex: 11    Spells: 6/6 levels left

rFire    + . .     SeeInvis .     - Unarmed
rCold    + + .     Gourm    .   g - +0 buckler
rNeg     + + +     Faith    .   r - +0 scale mail
rPois    ∞         Spirit   .   d - +0 helmet
rElec    .         Reflect  .   o - scarf {rC+ rF+}
rCorr    +         Harm     .   (no gloves)
MR       .....                  (no boots)
Stlth    ..........             f - amulet of the acrobat
HPRegen  0.00/turn              b - ring of resist corrosion
MPRegen  0.10/turn              (no ring)

@: mighty, rotting
A: rotting body, claws 1, carnivore, cold resistance 1, negative energy
resistance 3, inhibited regeneration, torment resistance, unbreathing
a: no special abilities


You were on level 4 of the Dungeon.
You were not hungry.

You visited 1 branch of the dungeon, and saw 4 of its levels.

You collected 120 gold pieces.

Inventory:

Armour
 d - a +0 helmet (worn)
   (You found it on level 1 of the Dungeon)
 g - a +0 buckler (worn)
   (You found it on level 1 of the Dungeon)
 o - a scarf of resistance (worn)
   (You found it on level 2 of the Dungeon)
 r - a +0 scale mail (worn)
   (You found it on level 2 of the Dungeon)
Jewellery
 b - a ring of resist corrosion (left claw)
   (You found it on level 1 of the Dungeon)
 f - an amulet of the acrobat (around neck)
   (You found it on level 1 of the Dungeon)
Wands
 h - a wand of polymorph (11)
   (You took it off a gnoll on level 4 of the Dungeon)
 v - a wand of digging (10)
   (You found it on level 2 of the Dungeon)
 x - a wand of acid (2)
   (You took it off Ijyb on level 3 of the Dungeon)
Scrolls
 i - 2 scrolls of remove curse {unknown}
 l - a scroll of magic mapping {unknown}
 m - 2 scrolls of teleportation {unknown}
 n - 2 scrolls of blinking {unknown}
 q - a scroll of random uselessness {unknown}
 s - a scroll of fear {unknown}
 t - a scroll of enchant weapon {unknown}
 u - a scroll of identify
Potions
 a - a potion of curing {unknown}
 j - a potion of magic
 p - a potion of invisibility
Comestibles
 e - 5 rations


   Skills:
 + Level 4.8 Fighting
 + Level 2.7 Armour
 + Level 4.0 Dodging
 - Level 2.1 Stealth
 + Level 2.5 Shields
 * Level 6.2 Unarmed Combat


You had 6 spell levels left.
You didn't know any spells.
Your spell library was empty.

Dungeon Overview and Level Annotations

Branches:
Dungeon (4/15)
 Temple: D:4-7

Altars:
Cheibriados


Innate Abilities, Weirdness & Mutations

Your body is rotting away.
You thrive on raw meat.
You are immune to poison.
You have sharp fingernails.
You are carnivorous and can eat meat at any time.
Your flesh is cold resistant. (rC+)
You are immune to negative energy. (rN+++)
You do not regenerate when monsters are visible.
You are immune to unholy pain and torment.
You can survive without breathing.


Message History

You block the gnoll's attack. The gnoll barely misses you.
You see here a +0 flail.
You barely miss the gnoll. You claw the gnoll! The gnoll barely misses you. x2
You barely miss the gnoll. The gnoll closely misses you.
You block the gnoll's attack.
You scratch the gnoll. The gnoll closely misses you.
You completely miss the gnoll.
The gnoll hits you but does no damage. x2
You scratch the gnoll but do no damage. The gnoll closely misses you.
You scratch the gnoll but do no damage. The gnoll hits you with a +0 spear.
* * * LOW HITPOINT WARNING * * *
You closely miss the gnoll. You block the gnoll's attack. x2
You scratch the gnoll. The gnoll closely misses you.
The gnoll hits you with a +0 spear!
* * * LOW HITPOINT WARNING * * *
You barely miss the gnoll. The gnoll closely misses you.
The gnoll hits you with a +0 flail.
* * * LOW HITPOINT WARNING * * *
You eat one of the 6 rations.
That ration really hit the spot!
You block the gnoll's attack. The gnoll hits you with a +0 flail!
* * * LOW HITPOINT WARNING * * *
You scratch the gnoll but do no damage. The gnoll misses you.
You feel very mighty all of a sudden. The gnoll hits you with a +0 flail.
* * * LOW HITPOINT WARNING * * *
The gnoll hits you but does no damage.
You barely miss the gnoll. The gnoll barely misses you.
The gnoll hits you with a +0 spear.
* * * LOW HITPOINT WARNING * * *
You claw the gnoll!
You kill the gnoll!
Your scale mail prevents you from hitting the gnoll.
The gnoll hits you with a +0 flail.
* * * LOW HITPOINT WARNING * * *
You block the gnoll's attack.
You barely miss the gnoll.
Unknown command.
You closely miss the gnoll. The gnoll barely misses you.
The gnoll hits you but does no damage.
You closely miss the gnoll. The gnoll closely misses you.
The gnoll hits you with a +0 flail.
* * * LOW HITPOINT WARNING * * *
You claw the gnoll!
You kill the gnoll!
The gnoll closely misses you.
Unknown command.
Okay, then.
You claw the gnoll! The gnoll hits you with a +0 whip.
You die...

###......######
#...........#
#...........#
#...........#
#...........+
####..##......#
+...............#
#####.##.###############
+...............@)......
######.#.########g#####.
#...# ..# ##..# 8.8#
#######..## .....
..........# ......
........>.# .......
..........# .......
..........#


You could see a gnoll.

Vanquished Creatures
  Grinder (D:3)
  A scorpion (D:4)
  2 hounds (D:4)
  Crazy Yiuf (D:3)
  2 orc wizards
  An orc priest (D:4)
  2 worker ants (D:4)
  Ijyb (D:3)
  11 gnolls
  2 adders (D:3)
  A shadow imp (D:4)
  2 oozes
  A worm (D:3)
  2 dart slugs
  5 leopard geckos
  10 orcs
  6 bats
  2 giant cockroaches
  3 goblins
  5 hobgoblins
  2 quokkas
  A frilled lizard (D:1)
  7 kobolds
  4 rats
  A fungus (D:3)
76 creatures vanquished.

Notes
Turn   | Place    | Note
-------+----------+-------------------------------------------
     0 | D:1      | vurker the Ghoul Monk began the quest for the Orb.
     0 | D:1      | Reached XP level 1. HP: 19/19 MP: 0/0
   259 | D:1      | Reached XP level 2. HP: 14/25 MP: 1/1
  1460 | D:2      | Reached XP level 3. HP: 31/31 MP: 2/2
  1602 | D:2      | Reached skill level 4 in Unarmed Combat
  1608 | D:2      | Reached skill level 1 in Armour
  1611 | D:2      | Reached XP level 4. HP: 16/40 MP: 3/3
  1816 | D:2      | Found a snail-covered altar of Cheibriados.
  2514 | D:3      | Reached skill level 1 in Shields
  2639 | D:3      | Noticed Grinder
  2675 | D:3      | Paralysed by Grinder for 2 turns
  2688 | D:3      | Paralysed by Grinder for 5 turns
  2693 | D:3      | Killed Grinder
  2693 | D:3      | Reached skill level 5 in Unarmed Combat
  2693 | D:3      | Reached XP level 5. HP: 31/46 MP: 4/4
  2693 | D:3      | Reached XP level 6. HP: 35/52 MP: 5/5
  2889 | D:3      | Noticed Ijyb
  2905 | D:3      | Killed Ijyb
  3348 | D:3      | Found a runed translucent door.
  3349 | D:3      | Noticed Crazy Yiuf
  3355 | D:3      | Killed Crazy Yiuf
  3497 | D:4      | Reached XP level 7. HP: 56/60 MP: 6/6
  3771 | D:4      | Reached skill level 6 in Unarmed Combat
  4388 | D:4      | HP: 1/60 [gnoll/+0 flail (3)]
  4390 | D:4      | Slain by a gnoll

Illustrated notes

Levels and vault maps discovered:
D:1:      dpeg_arrival_concentric_ovals, layout_rooms, serial_forest,
          infiniplex_forest_lined_4_way, infiniplex_forest_corner_1,
          infiniplex_forest_lined_2, infiniplex_forest_3_way,
          infiniplex_forest_end_2, infiniplex_forest_straight_4,
          infiniplex_forest_clump_long
D:2:      layout_loops_corners, lemuel_crystal_altar
D:3:      layout_rooms, uniq_grinder, uniq_ijyb, uniq_crazy_yiuf_cottage
D:4:      layout_basic, lemuel_temple_firewalk_b, first_ration

Skill      XL: |  1  2  3  4  5  6  7 |
---------------+----------------------+-----
Dodging        | 3 4 |  4.0
Unarmed Combat | 4 5 6 |  6.2
Armour         | 1 2 |  2.7
Shields        | 1 2 |  2.5
Fighting       | 4 |  4.8
Stealth        | |  2.1

Action                   |  1- 3 |  4- 6 |  7- 9 || total
-------------------------+-------+-------+-------++-------
Melee: Unarmed           |    94 |   163 |   113 ||   370
Evoke: Wand              |       |     1 |       ||     1
  Use: Scroll            |       |     5 |       ||     5
       Potion            |       |       |     1 ||     1
 Stab: Sleeping          |     2 |       |       ||     2
  Eat: Chunk             |     4 |     5 |     7 ||    16
       Ration            |       |       |     1 ||     1
Armor: Robe              |    11 |       |       ||    11
       Scale mail        |       |    44 |    25 ||    69
Dodge: Dodged            |    71 |    82 |    56 ||   209
Block: Buckler           |     5 |    21 |    18 ||    44
